 Dungeon Crawl Stone Soup version 0.21.0-3-g78d12a8 (webtiles) character file.

153 HungrySpirit the Cudgeler (level 5, -2/33 HPs)
             Began as a Gargoyle Monk on Jan 10, 2018.
             Was a Believer of the Shining One.
             Killed by divine providence
             ... invoked by an orc priest
              (10 damage)
             ... on level 4 of the Dungeon.
             The game lasted 00:04:30 (2802 turns).

HungrySpirit the Cudgeler (Gargoyle Monk)           Turns: 2802, Time: 00:04:30

Health: -2/33      AC:  8    Str: 12 (15) XL:     5   Next: 35%
Magic:  5/5        EV: 12    Int: 10 (11) God:    the Shining One [**....]
Gold:   184        SH:  0    Dex:  9 (12) Spells: 4/4 levels left

rFire    + . .     SeeInvis .   f - +0 flail
rCold    + . .     Gourm    .   (no shield)
rNeg     + + .     Faith    .   o - +0 leather armour
rPois    ∞         Spirit   .   (no helmet)
rElec    +         Reflect  .   (no cloak)
rCorr    +         Harm     .   k - +0 pair of gloves
MR       .....                  (no boots)
Stlth    +.........             (no amulet)
HPRegen  0.11/turn              (no ring)
MPRegen  0.09/turn              (no ring)

@: resistant, glowing
A: negative energy resistance 1, electricity resistance, unbreathing,
petrification resistance, rot immunity, AC +4
a: Divine Shield, Renounce Religion


You were on level 4 of the Dungeon.
You worshipped the Shining One.
The Shining One was pleased with you.
You were hungry.

You visited 2 branches of the dungeon, and saw 5 of its levels.

You collected 184 gold pieces.

Inventory:

Hand Weapons
 a - a +0 mace
 f - a +0 flail (weapon)
Armour
 k - a +0 pair of gloves (worn)
 o - a +0 leather armour (worn)
Jewellery
 d - a cursed amulet of regeneration {unknown}
 n - an uncursed amulet of guardian spirit {unknown}
 p - a cursed ring of teleportation {unknown}
Scrolls
 e - 5 scrolls of identify {unknown}
 g - a scroll of fear {unknown}
 i - a scroll of magic mapping {unknown}
 j - a scroll of amnesia {unknown}
 l - a scroll of noise {unknown}
 t - a scroll of random uselessness {unknown}
Potions
 m - a potion of curing
Comestibles
 c - 6 rations


   Skills:
 + Level 4.2 Fighting
 * Level 4.6 Maces & Flails
 + Level 2.4 Armour
 - Level 2.4 Dodging
 - Level 2.1 Stealth


You had 4 spell levels left.
You didn't know any spells.

Dungeon Overview and Level Annotations

Branches:
Dungeon (4/15)             Temple (1/1) D:4

Altars:
Cheibriados
Elyvilon
Hepliaklqana
Kikubaaqudgha
Makhleb
Nemelex Xobeh
Qazlal
Ru
Sif Muna
Uskayaw
Wu Jian
Xom
Yredelemnul
Zin
The Shining One


Innate Abilities, Weirdness & Mutations

You are resistant to torment.
Your stone body is resilient. (AC +4)
You are immune to poison.
You resist negative energy. (rN+)
You are resistant to electric shocks. (rElec)
You can survive without breathing.
You are immune to petrification.
You are immune to rotting.


Message History

There was something very wrong with that liquid.
You feel weakened.
You feel dopey.
You feel clumsy.
The orc wizard hits you but does no damage.
The orc priest begins to cast a cantrip, but forgets the words!
The orc hits you with a short sword.
Okay, then.
You barely miss the orc. The orc wizard barely misses you.
You hit the orc wizard but do no damage.
The orc wizard is heavily wounded.
The orc wizard hits you with a dagger.
You barely miss the orc wizard.
The orc wizard is heavily wounded.
The orc priest mumbles some strange prayers to Beogh against you.
Beogh smites you!
Ouch! That really hurt!
* * * LOW HITPOINT WARNING * * *
The orc closely misses you. The orc wizard barely misses you.
The orc priest mumbles some strange prayers to Beogh against you.
Beogh smites you!
You die...

#.....<.......
#.........####
#.##...####
#...# #...#
##.##
#.#########
#......ooo#
###..>.@#.......
##...##o.#.###
##### b.# # <..
...# ...# ...#


You could see an orc priest, an orc wizard and an orc.

Vanquished Creatures
  A gnoll (D:1)
  5 adders
  5 dart slugs
  A worm (D:2)
  4 leopard geckos
  4 orcs
  2 ball pythons (D:2)
  7 bats
  6 giant cockroaches
  8 goblins
  8 hobgoblins
  6 jackals
  6 frilled lizards
  5 kobolds
  6 rats
74 creatures vanquished.

Notes
Turn   | Place    | Note
-------+----------+-------------------------------------------
     0 | D:1      | HungrySpirit the Gargoyle Monk began the quest for the Orb.
     0 | D:1      | Reached XP level 1. HP: 14/14 MP: 1/1
   278 | D:1      | Reached XP level 2. HP: 16/19 MP: 2/2
   358 | D:1      | Reached skill level 1 in Armour
   402 | D:1      | Reached XP level 3. HP: 7/24 MP: 3/3
  1400 | D:2      | Reached XP level 4. HP: 27/29 MP: 4/4
  2161 | D:2      | Reached XP level 5. HP: 33/33 MP: 5/5
  2444 | D:3      | Found a burning altar of Makhleb.
  2698 | D:4      | Found a staircase to the Ecumenical Temple.
  2706 | Temple   | Entered the Ecumenical Temple
  2777 | Temple   | Became a worshipper of the Shining One
  2777 | Temple   | Reached * piety under the Shining One
  2777 | Temple   | Reached ** piety under the Shining One
  2802 | D:4      | Killed from afar by an orc priest

Skill      XL: |  1  2  3  4 |
---------------+-------------+-----
Armour         | 1 2 |  2.4
Maces & Flails | 4 |  4.6
Fighting       | 4 |  4.2
Dodging        | |  2.4
Stealth        | |  2.1

Action                   |  1- 3 |  4- 6 || total
-------------------------+-------+-------++-------
Melee: Mace              |    72 |       ||    72
       Flail             |    73 |   146 ||   219
  Use: Potion            |     1 |     6 ||     7
 Stab: Sleeping          |     2 |     1 ||     3
       Distracted        |     1 |       ||     1
  Eat: Chunk             |     2 |     4 ||     6
Armor: Robe              |    71 |    42 ||   113
       Leather armour    |       |    20 ||    20
Dodge: Dodged            |   130 |   115 ||   245
